 Dungeon Crawl Stone Soup version 0.29.1-1-gd02db6906a (webtiles) character file.

Game seed: 8245504591885953510

27 testjoe123 the Trooper (level 3, 0/33 HPs)
             Began as a Hill Orc Fighter on Sept 27, 2022.
             Slain by a quokka (1 damage)
             ... on level 2 of the Dungeon.
             The game lasted 00:04:30 (917 turns).

testjoe123 the Trooper (Hill Orc Fighter)            Turns: 917, Time: 00:04:30

Health: 0/33       AC:  6    Str: 20    XL:     3   Next: 10%
Magic:  3/3        EV:  9    Int:  8    God:
Gold:   95         SH:  4    Dex: 10    Spells: 2/2 levels left

rFire   . . .      SeeInvis .   a - +0 war axe
rCold   . . .      Faith    .   c - +0 buckler
rNeg    . . .      Spirit   .   b - +0 scale mail
rPois   .          Reflect  .   (no helmet)
rElec   .          Harm     .   (no cloak)
rCorr   .          Rampage  .   (no gloves)
Will    .....                   (no boots)
Stlth   ..........              (no amulet)
HPRegen 0.11/turn               (no ring)
MPRegen 0.08/turn               (no ring)

@: no status effects
A: no striking features
a: no special abilities


You were on level 2 of the Dungeon.
You visited 1 branch of the dungeon, and saw 2 of its levels.

You collected 95 gold pieces.

Inventory:

Hand Weapons
 a - a +0 war axe (weapon)
Missiles
 j - a throwing net (quivered)
Armour
 b - a +0 scale mail (worn)
 c - a +0 buckler (worn)
Scrolls
 e - a scroll of identify {unknown}
 f - a scroll of immolation {unknown}
 g - a scroll of torment {unknown}
 i - a scroll of fog {unknown}
Potions
 d - a potion of might
 h - a potion of mutation {unknown}
 k - a potion of resistance {unknown}


   Skills:
 + Level 4.0 Fighting
 + Level 3.4 Axes
 + Level 3.5 Armour
 + Level 0.1 Stealth
 + Level 3.5 Shields


You had 2 spell levels left.
You didn't know any spells.
Your spell library was empty.

Dungeon Overview and Level Annotations

Branches:
Dungeon (2/15)

Altars:


Message History

The quokka closely misses you. The quokka attacks as you move away!
You block the quokka's attack.
The quokka bites you but does no damage.
The quokka attacks as you move away! The quokka bites you.
* * * LOW HITPOINT WARNING * * *
The quokka attacks as you move away! You block the quokka's attack.
The quokka attacks as you move away! The quokka bites you.
* * * LOW HITPOINT WARNING * * *
You block the quokka's attack.
A giant cockroach comes into view.
The quokka attacks as you move away! The quokka bites you.
* * * LOW HITPOINT WARNING * * *
The quokka attacks as you move away! The quokka barely misses you.
You block the giant cockroach's attack. The quokka completely misses you.
You hit the giant cockroach.
The giant cockroach is severely wounded.
You closely miss the quokka. You block the giant cockroach's attack.
The quokka bites you.
* * * LOW HITPOINT WARNING * * *
The giant cockroach barely misses you.
You hit the giant cockroach.
You kill the giant cockroach!
You miss the quokka. The quokka closely misses you.
The quokka barely misses you.
You see here a giant cockroach corpse.
The quokka attacks as you move away! The quokka barely misses you. x2
The quokka attacks as you move away!
The quokka bites you but does no damage.
The quokka attacks as you move away! You block the quokka's attack.
The quokka attacks as you move away!
The quokka bites you but does no damage.
You block the quokka's attack. The quokka attacks as you move away!
The quokka misses you. The quokka attacks as you move away!
The quokka bites you.
* * * LOW HITPOINT WARNING * * *
The quokka twitches its whiskers.
The quokka closely misses you. The quokka attacks as you move away!
The quokka closely misses you. The quokka attacks as you move away!
The quokka bites you.
You die...

#.#.# #........
##...# #........
###..## #
#S#####.8 # ##..#
.# #g# # #
#..######.# #r#
####.........# #b#
...........### #.#
#......###(# #r#
#......###.# #@#
#..........## #.#
#...........####.#
#................#
###.......#.######
# #.......#...
#############


You could see an adder, 2 quokkas, a goblin and a bat.

Vanquished Creatures
  2 dart slugs
  2 bats (D:1)
  3 endoplasms
  A giant cockroach (D:2)
  3 goblins (D:1)
  2 hobgoblins
  A quokka (D:2)
  2 ball pythons
  2 frilled lizards (D:1)
  A kobold (D:2)
  2 rats
21 creatures vanquished.

Notes
Turn   | Place    | Note
-------+----------+-------------------------------------------
     0 | D:1      | testjoe123 the Hill Orc Fighter began the quest for the
                  | Orb.
     0 | D:1      | Reached XP level 1. HP: 19/19 MP: 1/1
   131 | D:1      | Reached XP level 2. HP: 27/27 MP: 2/2
   133 | D:1      | Reached skill level 4 in Fighting
   410 | D:1      | Found a faded altar of an unknown god.
   798 | D:2      | Reached XP level 3. HP: 25/33 MP: 3/3
   901 | D:2      | HP: 1/33 [quokka (2)]
   915 | D:2      | HP: 1/33 [quokka (2)]
   917 | D:2      | Slain by a quokka

Illustrated notes

Levels and vault maps discovered:
D:1:      amcnicky_arrival_underground_garden, layout_rooms,
          hellmonk_ecumenical_altar_heavens_door, minmay_distorted
D:2:      minmay_kobold_bridge, layout_basic, serial_shops,
          nicolae_shop_statue_plus

Skill      XL: |  1  2 |
---------------+-------+-----
Fighting       | 4 |  4.0
Axes           | 3 |  3.4
Armour         | |  3.5
Stealth        | |  0.1
Shields        | |  3.5

Action                   || total
-------------------------++-------
Melee: War axe           ||    55
Armor: Scale mail        ||    32
Dodge: Dodged            ||    37
Block: Buckler           ||    20
